AoeStats
← whosyourmama

Runestones

507966936Analyzed
1v1 RM · 13d ago on Sep 20, 2026· 29m 30s· 2 players
Game mode
Random Map
Map size
Tiny (2 player)
Population
200
Speed
Normal
Resources
Standard
Victory
Conquest
Starting age
Dark Age
Ending age
Imperial Age
RankedLock teamsTeams togetherTeam positionsShared explorationLock speedFull tech treeHidden civsTurbo modeCheats
Victory
Defeat
🇨🇳 Wei · China
1412
+16
🇭🇰 Berbers · Hong Kong SAR China
1411
-16
whosyourmama
2:10 Loom
10:21 Feudal Age
11:12 Double-Bit Axe
13:51 Horse Collar
19:50 Fletching
20:00 Padded Archer Armor
22:38 Castle Age
21:17 Bloodlines
21:02 Gold Mining
21:34 Padded Archer Armor
23:19 Bodkin Arrow
23:25 Husbandry
蒙面可达鸭
6:05 Loom
8:49 Feudal Age
9:35 Double-Bit Axe
19:41 Castle Age
18:10 Gold Mining
18:13 Stone Mining
19:25 Scale Barding Armor
19:39 Bloodlines
21:19 Horse Collar
22:59 Husbandry
Connection lost

Rejoining the realm…

Still unreachable

The connection could not be restored.

Session expired

The server has moved on; the page needs a fresh start.